 Dungeon Crawl Stone Soup version 0.30.0-5-g1a98f26d00 (webtiles) character file.

Game seed: 1718725102930824438

1095 McKennaii the Conjurer (level 7, -8/50 HPs)
             Began as a Demigod Conjurer on May 10, 2023.
             Shot with an arrow by a centaur (15 damage)
             ... on level 6 of the Dungeon.
             The game lasted 00:06:49 (5644 turns).

McKennaii the Conjurer (Demigod Conjurer)           Turns: 5644, Time: 00:06:49

Health: -8/50      AC:  2    Str:  8    XL:     7   Next: 84%
Magic:  19/24      EV: 12    Int: 28    God:
Gold:   324        SH:  0    Dex: 18    Spells: 10/17 levels left

rFire   . . .        s - +4 dagger (freeze)
rCold   . . .        (no shield)
rNeg    . . .        a - +0 robe
rPois   .            (no helmet)
rElec   .            (no cloak)
rCorr   .            (no gloves)
SInv    .            (no boots)
Will    .....        q
                       - Hermit's Pendant {Faith Invo=14 Evo=0 MP+5}
Stlth   ++           p - +6 ring of dexterity
HPRegen 0.28/turn    j - ring of wizardry
MPRegen 0.19/turn

%: faith, wizardry (x1)
@: no status effects
A: high MP 1, forlorn, divine attributes
a: no special abilities


You were on level 6 of the Dungeon.
You visited 1 branch of the dungeon, and saw 6 of its levels.
You also visited: Ossuary.

You collected 324 gold pieces.

Inventory:

Hand Weapons
 s - a +4 dagger of freezing (weapon)
Armour
 a - a +0 robe (worn)
 w - a +1 leather armour of poison resistance
Jewellery
 g - a ring of flight
 j - a ring of wizardry (right hand)
 p - a +6 ring of dexterity (left hand)
 q - the Hermit's Pendant (around neck) {Faith Invo=14 Evo=0 MP+5}
   (You found it on level 4 of the Dungeon)

   [amulet of faith]

   Invo=14: It sets your Invocations skill to 14.
   Evo=0: It sets your Evocations skill to 0.
   It allows you to gain divine favour quickly.
   MP:        It affects your magic capacity (+5).
 B - an amulet of the acrobat
Wands
 A - a wand of quicksilver (6)
Scrolls
 c - a scroll of fog {unknown}
 d - 2 scrolls of immolation
 h - 2 scrolls of butterflies
 k - 6 scrolls of teleportation
 l - a scroll of magic mapping {unknown}
 m - a scroll of fear {unknown}
 o - 2 scrolls of poison {unknown}
 r - 2 scrolls of enchant armour {unknown}
 u - 4 scrolls of identify
 x - a scroll of blinking {unknown}
 y - a scroll of amnesia {unknown}
Potions
 b - a potion of magic
 e - 4 potions of heal wounds
 f - 2 potions of cancellation
 i - 4 potions of flight
 n - 2 potions of curing {unknown}
 t - a potion of lignification {unknown}
 v - a potion of might {unknown}
 z - a potion of mutation {unknown}


   Skills:
 - Level 1.7 Dodging
 - Level 1.7 Stealth
 + Level 5.9 Spellcasting
 + Level 7.2 Conjurations


You had 10 spell levels left.
You knew the following spells:

 Your Spells              Type           Power      Damage    Failure   Level
a - Magic Dart            Conj           100%       1d8       1%          1
b - Searing Ray           Conj           96%        2d7       1%          2
c - Iskenderun's Mystic   Conj/Tloc      28%        2d7       6%          4

Your spell library contained the following spells:

 Spells                   Type           Power      Damage    Failure   Level
 Dazzling Flash           Conj/Hex       56%        N/A       1%          3
 Necrotise                Necr           32%        1d5       2%          1
 Sublimation of Blood     Necr           8%         N/A       4%          2
 Wereblood                Tmut           8%         N/A       4%          2
 Fulminant Prism          Conj/Hex       14%        3d9       6%          4
 Ozocubu's Armour         Ice            8%         N/A       8%          3
 Portal Projectile        Hex/Tloc       16%        N/A       8%          3
 Tukima's Dance           Hex            8%         N/A       8%          3
 Vampiric Draining        Necr           8%         2d6       8%          3
 Agony                    Necr           8%         N/A       52%         5
 Blade Hands              Tmut           4%         N/A       52%         5
 Ozocubu's Refrigeration  Ice            4%         4d8       100%        7
 Summon Hydra             Summ           4%         N/A       100%        7


Dungeon Overview and Level Annotations

Branches:
Dungeon (6/15)             Temple (0/1) D:5         Ossuary (visited)

Shops:
D:5 (


Innate Abilities, Weirdness & Mutations

You have an increased reservoir of magic. (+10% MP)
You shall have no god before yourself.
Your divine heritage dramatically boosts your attributes as you level up.


Message History

A centaur comes into view.
A centaur is nearby!
A centaur is nearby!
The magic dart hits the centaur but does no damage.
The centaur shouts!
The centaur wields a +0 shortbow.
The centaur shoots an arrow.
The arrow hits you.
You hear a loud, deep croak!
The magic dart hits the centaur but does no damage.
The centaur shoots an arrow.
The arrow hits you!
The magic dart hits the centaur.
The centaur is moderately wounded.
The centaur shoots an arrow.
The arrow hits you!
A centaur is nearby!
The magic dart hits the centaur.
The centaur is heavily wounded.
The centaur shoots an arrow.
The arrow hits you!
A centaur is nearby!
You are too injured to fight recklessly!
A centaur is nearby!
You are too injured to fight recklessly!
Casting: Magic Dart (safe; 1% risk of failure)
Confirm with . or Enter, or press ? or * to list all spells.
You can't see any susceptible monsters within range! (Use Z to cast anyway.) Unknown command.
A bullfrog comes into view.
The centaur shoots an arrow.
The arrow hits you!
* * * LOW HITPOINT WARNING * * *
You see here a scroll labelled KIAN HAWUBUNA.
Casting: Magic Dart (safe; 1% risk of failure)
Confirm with . or Enter, or press ? or * to list all spells.
Aiming: Searing Ray (safe; 1% risk of failure)
Press: ? - help, Shift-Dir - straight line, f/p - centaur
Aim: a centaur, wielding a +0 shortbow (heavily wounded, 90% to hit)
The searing ray hits the centaur!
The centaur is almost dead. (Press . to maintain the ray.)
The centaur shoots an arrow.
The arrow barely misses you.
The centaur shoots an arrow.
The arrow hits you!
You die...

# (.#.......
.##.##.........
............#
#.......>..# ## .
#.....<....##.#..
...##............#
##.............
.................
....###..@.......
##.....>.........
#...##..........
... #.......... .
#..cF##.... ..#..#
.... ....... ...
..#..... ..


You could see a bullfrog and a centaur.

Vanquished Creatures
  An ice beast (D:5)
  A black bear (D:4)
  An ogre (D:5)
  A wight (Ossuary)
  2 scorpions (D:5)
  A water moccasin zombie (Ossuary)
  4 centaur zombies (Ossuary)
  2 bullfrog zombies (Ossuary)
  An orc priest (D:4)
  2 human zombies (Ossuary)
  6 iguanas
  Natasha (D:2)
  4 adders
  An ufetubus (D:3)
  An adder zombie (Ossuary)
  4 dart slugs
  11 orcs
  7 endoplasms
  2 giant cockroaches (D:1)
  4 gnoll zombies (Ossuary)
  8 goblins
  5 hobgoblins
  7 kobolds
  3 quokkas
  4 ball pythons
  10 bats
  4 frilled lizards (D:1)
  4 goblin zombies (Ossuary)
  3 hobgoblin zombies (Ossuary)
  3 orc zombies (Ossuary)
  6 rats
114 creatures vanquished.

Notes
Turn   | Place    | Note
-------+----------+-------------------------------------------
     0 | D:1      | McKennaii the Demigod Conjurer began the quest for the Orb.
     0 | D:1      | Reached XP level 1. HP: 14/14 MP: 5/5
   263 | D:1      | Reached XP level 2. HP: 16/20 MP: 1/7
   439 | D:1      | Reached skill level 4 in Conjurations
   987 | D:2      | Reached XP level 3. HP: 26/26 MP: 6/9
  1297 | D:2      | Learned a level 2 spell: Searing Ray
  1585 | D:2      | Noticed Natasha
  1592 | D:2      | Killed Natasha
  1593 | D:2      | Reached XP level 4. HP: 33/33 MP: 3/11
  1598 | D:2      | Learned a level 4 spell: Iskenderun's Mystic Blast
  1667 | D:2      | Identified the +0 robe of Failure {Rampage rElec Str+2}
  3079 | D:4      | Reached skill level 5 in Conjurations
  3079 | D:4      | Reached XP level 5. HP: 8/38 MP: 1/13
  3212 | D:4      | Noticed a black bear
  3235 | D:4      | Found the Hermit's Pendant {Faith Invo=14 Evo=0 MP+5}
  3278 | D:4      | Found a sand-covered staircase.
  3287 | Ossuary  | Entered an ossuary
  3755 | Ossuary  | Reached XP level 6. HP: 38/45 MP: 13/15
  4163 | Ossuary  | Reached skill level 6 in Conjurations
  4283 | Ossuary  | Noticed a silent spectre
  4479 | D:4      | Reached skill level 5 in Spellcasting
  4479 | D:4      | Reached XP level 7. HP: 50/50 MP: 17/18
  4766 | D:5      | Entered Level 5 of the Dungeon
  4839 | D:5      | Found a staircase to the Ecumenical Temple.
  4898 | D:5      | Found Yfetar's Weapon Shop.
  5206 | D:5      | Reached skill level 7 in Conjurations
  5644 | D:6      | Shot with an arrow by a centaur

Illustrated notes

Levels and vault maps discovered:
D:1:      nzn_arrival_crosshair, layout_rooms, corexii_corridor_pit
D:2:      layout_basic, dreamdust_princess_bridge, due_unseen_surprise,
          uniq_natasha
D:3:      minmay_recursive_quarters, layout_loops_ring, tgw_xom
D:4:      layout_gridville, amcnicky_altar_gilded, enter_ossuary_1
D:5:      layout_rooms, nicolae_overflow_hidden_temple,
          mainiacjoe_overflow_alcove_1, minmay_temple_entry_offerings,
          serial_shops, shop
D:6:      layout_cave_pools, serial_shops, shop, minmay_misc_feat_secret_circle,
          uniq_prince_ribbit1

Skill      XL: |  1  2  3  4  5  6  7 |
---------------+----------------------+-----
Spellcasting   | 2 3 4 5 |  5.9
Conjurations   | 4 5 6 7 |  7.2
Dodging        | |  1.7
Stealth        | |  1.7

Action                     |  1- 3 |  4- 6 |  7- 9 || total
---------------------------+-------+-------+-------++-------
  Melee: Unarmed           |    41 |    10 |       ||    51
         Dagger            |       |     1 |     5 ||     6
   Cast: Magic Dart        |    92 |   161 |    60 ||   313
         Searing Ray       |       |    11 |     6 ||    17
    Use: Scroll            |       |     6 |       ||     6
 Armour: Robe              |    27 |    13 |     3 ||    43
  Dodge: Dodged            |    51 |    46 |    11 ||   108
